 Dungeon Crawl Stone Soup version 0.29-a0-1009-g60c99734e7 (webtiles) character file.

Game seed: 12648279562052860918

9 flotson the Sneak (level 2, 0/24 HPs)
             Began as a Demonspawn Delver on Aug 9, 2022.
             Slain by a hound (5 damage)
             ... on level 5 of the Dungeon.
             The game lasted 00:00:30 (195 turns).

flotson the Sneak (Demonspawn Delver)                Turns: 195, Time: 00:00:30

Health: 0/24       AC:  5    Str: 12    XL:     2   Next: 3%
Magic:  2/2        EV: 10    Int: 11    God:
Gold:   0          SH:  0    Dex: 14    Spells: 1/1 levels left

rFire   . . .      SeeInvis .   a - +0 spear
rCold   . . .      Faith    .   (no shield)
rNeg    . . .      Spirit   .   h - +0 ring mail
rPois   +          Reflect  .   (helmet restricted)
rElec   .          Harm     .   (no cloak)
rCorr   .          Rampage  .   (no gloves)
Will    .....                   (no boots)
Stlth   ++........              (no amulet)
HPRegen 0.08/turn               b - ring of poison resistance
MPRegen 0.08/turn               (no ring)

@: no status effects
A: horns 1
a: no special abilities


You were on level 5 of the Dungeon.
You visited 2 branches of the dungeon, and saw 2 of its levels.

Inventory:

Hand Weapons
 a - a +0 spear (weapon)
Armour
 h - a +0 ring mail (worn)
Jewellery
 b - a ring of poison resistance (left hand)
Wands
 g - a wand of digging (3)
Scrolls
 c - a scroll of fog
 d - a scroll of magic mapping
 e - a scroll of fear
Potions
 f - a potion of haste


   Skills:
 + Level 3.1 Fighting
 - Level 1.7 Polearms
 + Level 0.5 Armour
 + Level 2.0 Dodging
 - Level 4.5 Stealth
 + Level 0.6 Evocations


You had one spell level left.
You didn't know any spells.
Your spell library was empty.

Dungeon Overview and Level Annotations

Branches:
Dungeon (5/15)             Temple (1/1) D:5

Altars:
Gozag


Innate Abilities, Weirdness & Mutations

You have a pair of small horns on your head.


Message History

The hound is heavily wounded.
The hound bites you.
You barely miss the hound.
The hound is heavily wounded.
The hound bites you but does no damage. The hound bites you.
You hit the hound but do no damage.
You headbutt the hound, but do no damage.
The hound is heavily wounded.
The hound bites you.
You hit the hound but do no damage.
The hound is heavily wounded.
The hound closely misses you. x2
You hit the hound but do no damage. Your headbutt misses the hound.
The hound is heavily wounded.
The hound misses you.
You barely miss the hound. You headbutt the hound.
The hound is heavily wounded.
The hound barely misses you. The hound bites you.
You are too injured to fight recklessly!
You are too injured to fight recklessly!
You are too injured to fight recklessly!
You are too injured to fight recklessly!
You are too injured to fight recklessly!
You are too injured to fight recklessly!
You hit the hound. Your headbutt misses the hound.
The hound is severely wounded.
The hound barely misses you.
You hit the hound but do no damage.
The hound is severely wounded.
The hound closely misses you.
The hound stops to sniff the ground.
The hound closely misses you.
You closely miss the hound. Your headbutt misses the hound.
The hound is severely wounded.
The hound bites you.
* * * LOW HITPOINT WARNING * * *
You hit the hound.
The hound is almost dead.
The hound closely misses you. The hound bites you.
You die...

#.. ## ## #.. .#
... #.. .# ...$
.. .# .# ....##.
.#..##.
.......#.#.....
.......h.#.....
.......@...#
+##.###....+
#......### .
#####..# . ##
#......# .
#.##..)..##
..#.##.#####
#.#.##.#
..#.#.##.#######


You could see a hound.

Vanquished Creatures
  An adder (D:5)
1 creature vanquished.

Notes
Turn   | Place    | Note
-------+----------+-------------------------------------------
     0 | D:5      | flotson the Demonspawn Delver began the quest for the Orb.
     0 | D:5      | Reached XP level 1. HP: 18/18 MP: 1/1
    22 | D:5      | Found a staircase to the Ecumenical Temple.
    31 | Temple   | Entered the Ecumenical Temple
    92 | D:5      | Gained mutation: You have a pair of small horns on your
                  | head. [demonic ancestry]
    92 | D:5      | Reached XP level 2. HP: 20/24 MP: 2/2
   195 | D:5      | Slain by a hound

Illustrated notes

Levels and vault maps discovered:
D:5:      layout_basic, jmf_multi_god_temple, minmay_temple_entry_trees,
          supply_closet_lemuel, grunt_ministairs_12
Temple:   nicolae_temple_figure_eight

Skill      XL: |  1 |
---------------+----+-----
Dodging        | 2 |  2.0
Fighting       | |  3.1
Polearms       | |  1.7
Armour         | |  0.5
Stealth        | |  4.5
Evocations     | |  0.6

Action                   || total
-------------------------++-------
Melee: Spear             ||    17
       Headbutt          ||     4
 Stab: Sleeping          ||     1
Armor: Ring mail         ||     4
Dodge: Dodged            ||    12

Table legend: (Time is in decaauts)
 A = Elapsed time spent in this place.
 B = Non-inter-level travel time spent in this place.
 C = Inter-level travel time spent in this place.
 D = Time resting spent in this place.
 E = Time spent auto-exploring this place.
 F = Levels seen in this place.
 G = Mean time per level.
                   A        B        C        D        E       F      G
               +--------+--------+--------+--------+--------+-----+--------+
         Total |    194 |    178 |     16 |      0 |    119 |   2 |   97.0 |
       Dungeon |    159 |    158 |      1 |      0 |    103 |   1 |  159.0 |
        Temple |     35 |     20 |     15 |      0 |     16 |   1 |   35.0 |
               +--------+--------+--------+--------+--------+-----+--------+

Top non-repeatable levels by time:
     D:5: 159 daAuts
  Temple: 35 daAuts
